 Dungeon Crawl Stone Soup version 0.20.1-1-g8b1a95d66d (webtiles) character file.

643 Peloso the Shield-Bearer (level 7, -7/61 HPs)
             Began as a Minotaur Fighter on Jan 1, 2018.
             Mangled by Duvessa
             ... wielding a +5 vampiric short sword
              (15 damage)
             ... on level 4 of the Dungeon.
             The game lasted 00:07:02 (3327 turns).

Peloso the Shield-Bearer (Minotaur Fighter)         Turns: 3327, Time: 00:07:03

Health: -7/61      AC: 12    Str: 20    XL:     7   Next: 26%
Magic:  6/6        EV:  4    Int:  5    God:
Gold:   246        SH: 11    Dex: 16    Spells: 6/6 levels left

rFire    . . .     SeeInvis .   a - +0 long sword
rCold    . . .     Gourm    .   c - +0 shield
rNeg     . . .     Faith    .   k - +0 plate armour
rPois    .         Spirit   .   (helmet restricted)
rElec    .         Reflect  .   (no cloak)
rCorr    .         Harm     .   (no gloves)
MR       .....     Rnd*Tele +   (no boots)
Stlth    ..........             x - amulet of rage
Regen    0.2/turn               q - +4 ring of dexterity
MPRegen  0.1/turn               j - ring of teleportation (curse)

@: no status effects
A: retaliatory headbutt, horns 2
a: Evoke Berserk Rage


You were on level 4 of the Dungeon.
You were very hungry.

You visited 1 branch of the dungeon, and saw 4 of its levels.

You collected 246 gold pieces.

Inventory:

Hand Weapons
 a - a +0 long sword (weapon)
Armour
 c - a +0 shield (worn)
 k - a +0 plate armour (worn)
Jewellery
 g - an uncursed ring of protection from cold
 j - a cursed ring of teleportation (right hand)
 n - an uncursed ring of resist corrosion
 q - a +4 ring of dexterity (left hand)
 x - an amulet of rage (around neck)
Scrolls
 b - 2 scrolls of magic mapping {unknown}
 e - 8 scrolls of identify {unknown}
 h - a scroll of blinking {unknown}
 o - 2 scrolls of remove curse {unknown}
 p - 2 scrolls of enchant weapon {unknown}
 s - a scroll of amnesia {unknown}
 u - a scroll of fear {unknown}
 y - 2 scrolls of teleportation {unknown}
Potions
 d - 2 potions of might
 i - 2 potions of resistance {unknown}
 m - 2 potions of agility {unknown}
 t - a potion of lignification {unknown}
 v - 2 potions of curing {unknown}
 w - 2 potions of brilliance {unknown}
 z - a potion of haste {unknown}
 A - a potion of cancellation {unknown}
 B - a potion of flight {unknown}
Comestibles
 f - 3 bread rations
 l - a royal jelly
 r - 4 meat rations


   Skills:
 + Level 5.0 Fighting
 + Level 5.7 Long Blades
 + Level 6.0 Armour
 + Level 0.2 Dodging
 + Level 0.3 Stealth
 + Level 6.2 Shields


You had 6 spell levels left.
You didn't know any spells.

Dungeon Overview and Level Annotations

Branches:
Dungeon (4/15)
 Temple: D:4-7

Altars:
Hepliaklqana
Uskayaw
Zin

Annotations:
D:3 1 runed door
D:4 Duvessa


Innate Abilities, Weirdness & Mutations

You reflexively headbutt those who attack you in melee.
You have a pair of horns on your head.


Message History

Duvessa draws strength from your wounds!
You hit Duvessa.
Duvessa is lightly wounded.
You block Duvessa's attack. Duvessa hits you but does no damage.
Unknown command.
You slash Duvessa! You headbutt Duvessa.
Duvessa is lightly wounded.
Duvessa hits you with a vampiric short sword!
Unknown command.
Your shield and plate armour prevent you from hitting Duvessa.
Your headbutt misses Duvessa.
Duvessa is lightly wounded.
You block Duvessa's attack.
Duvessa hits you with a vampiric short sword!
* * * LOW HITPOINT WARNING * * *
Duvessa draws strength from your wounds!
Duvessa rages.
There is a stone staircase leading down here.
Duvessa hits you with a vampiric short sword!
You die...

.... ### .... ..#
$.... ..## ..... ...##
......# ....# ......##
###
..#.#####....)###.###
..'............e@...#
..#.[####.##..#.#.####
####.# #....#....#
#.## #.####.##.#
####..# ###'####.##.#
...##.# #........##.#
.#.##.## #........##.#
.......###...........#
.####............#####


You could see Duvessa (berserk).

Vanquished Creatures
  Menkaure (D:4)
  2 ogres
  The ghost of BrokenGlass the Insei, an amateur OpFi (D:4)
  Dowan (D:4)
  Terence (D:3)
  A worker ant (D:4)
  A hound skeleton (D:4)
  5 gnolls
  4 adders
  3 worms
  2 leopard geckos
  2 orcs (D:3)
  3 ball pythons (D:4)
  3 giant cockroaches
  5 goblins
  14 hobgoblins
  2 jackals (D:1)
  7 quokkas
  3 bats
  4 frilled lizards
  6 kobolds
  7 rats
78 creatures vanquished.

Notes
Turn   | Place    | Note
-------+----------+-------------------------------------------
     0 | D:1      | Peloso the Minotaur Fighter began the quest for the Orb.
     0 | D:1      | Reached XP level 1. HP: 19/19 MP: 0/0
   188 | D:1      | Reached XP level 2. HP: 22/27 MP: 1/1
   626 | D:1      | Reached XP level 3. HP: 29/33 MP: 2/2
   987 | D:2      | Reached XP level 4. HP: 35/40 MP: 3/3
  1237 | D:2      | You fall through a shaft!
  1661 | D:3      | Found a glowing silver altar of Zin.
  1661 | D:3      | Found a runed door.
  1661 | D:3      | Noticed an angel
  1744 | D:3      | Reached XP level 5. HP: 46/47 MP: 4/4
  1947 | D:3      | Noticed Terence
  1956 | D:3      | Killed Terence
  1989 | D:3      | Found a hazy altar of Hepliaklqana.
  1992 | D:3      | Found a hide-covered altar of Uskayaw.
  2369 | D:4      | Noticed Menkaure
  2377 | D:4      | Killed Menkaure
  2377 | D:4      | Reached skill level 5 in Armour
  2377 | D:4      | Reached skill level 5 in Shields
  2377 | D:4      | Reached XP level 6. HP: 10/53 MP: 5/5
  2630 | D:4      | Reached skill level 5 in Long Blades
  2645 | D:4      | Noticed BrokenGlass's ghost (amateur OpFi)
  3176 | D:4      | Killed BrokenGlass's ghost
  3176 | D:4      | Reached XP level 7. HP: 46/60 MP: 6/6
  3289 | D:4      | Noticed Dowan
  3290 | D:4      | Noticed Duvessa
  3316 | D:4      | Killed Dowan
  3316 | D:4      | Reached skill level 5 in Fighting
  3327 | D:4      | Mangled by Duvessa

Skill      XL: |  1  2  3  4  5  6  7 |
---------------+----------------------+-----
Shields        | 4 5 6 |  6.2
Armour         | 4 5 6 |  6.0
Fighting       | 4 5 |  5.0
Long Blades    | 3 4 5 |  5.7
Dodging        | |  0.2
Stealth        | |  0.3

Action                   |  1- 3 |  4- 6 |  7- 9 || total
-------------------------+-------+-------+-------++-------
Melee: Long sword        |    89 |   131 |    31 ||   251
       Headbutt          |    19 |    32 |    11 ||    62
  Eat: Chunk             |       |     7 |       ||     7
Armor: Scale mail        |     9 |       |       ||     9
       Plate armour      |    37 |    54 |    15 ||   106
Dodge: Dodged            |    19 |    14 |     4 ||    37
Block: Shield            |    59 |    66 |    21 ||   146
       Rpst.: Long sword |     6 |     4 |     2 ||    12
